 Dungeon Crawl Stone Soup version 0.23.1 (webtiles) character file.

Game seed: 16512344264947049691

110 night the Ruffian (level 4, 0/33 HPs)
             Began as a Demonspawn Gladiator on Mar 6, 2019.
             Killed from afar by Sigmund (3 damage)
             ... with a puff of flame
             ... on level 2 of the Dungeon.
             The game lasted 00:05:08 (2120 turns).

night the Ruffian (Demonspawn Gladiator)            Turns: 2120, Time: 00:05:09

Health: 0/33       AC:  4    Str: 15    XL:     4   Next: 61%
Magic:  4/4        EV: 13    Int: 10    God:
Gold:   62         SH:  0    Dex: 14    Spells: 3/3 levels left

rFire    . . .     SeeInvis .     - Unarmed
rCold    . . .     Gourm    .   (no shield)
rNeg     . . .     Faith    .   a - +0 leather armour
rPois    .         Spirit   .   b - +0 helmet
rElec    .         Reflect  .   (no cloak)
rCorr    .         Harm     .   (no gloves)
MR       .....                  (no boots)
Stlth    ++........             (no amulet)
HPRegen  0.11/turn              (no ring)
MPRegen  0.09/turn              (no ring)

@: no status effects
A: nightstalker 1
a: no special abilities


You were on level 2 of the Dungeon.
You were very hungry.

You visited 1 branch of the dungeon, and saw 2 of its levels.

You collected 62 gold pieces.

Inventory:

Hand Weapons
 f - a +0 hand crossbow
Missiles
 c - a throwing net (quivered)
 i - 6 tomahawks
 j - 77 stones
Armour
 a - a +0 leather armour (worn)
 b - a +0 helmet (worn)
Scrolls
 g - 4 scrolls of identify {unknown}
 h - a scroll of blinking {unknown}
 n - a scroll of fog {unknown}
Potions
 e - a potion of flight
 k - a potion of mutation {unknown}
 l - 2 potions of lignification {unknown}
 m - a potion of brilliance {unknown}
Comestibles
 d - 6 rations


   Skills:
 - Level 2.1 Fighting
 - Level 1.8 Throwing
 - Level 0.1 Armour
 - Level 3.0 Dodging
 + Level 4.6 Unarmed Combat


You had 3 spell levels left.
You didn't know any spells.
Your spell library was empty.

Dungeon Overview and Level Annotations

Branches:
Dungeon (2/15)

Altars:

Annotations:
D:2 Sigmund


Innate Abilities, Weirdness & Mutations

You are slightly more attuned to the shadows.


Message History

Sigmund is severely wounded.
Sigmund casts a spell at you. The magic dart hits you!
You are too injured to fight recklessly!
You are too injured to fight recklessly!
You barely miss Sigmund.
Sigmund is severely wounded.
Sigmund closely misses you.
You barely miss Sigmund.
Sigmund is severely wounded.
You hit Sigmund.
Sigmund is severely wounded.
Sigmund gestures at you while chanting. The magic dart hits you!
* * * LOW HITPOINT WARNING * * *
You closely miss Sigmund.
Sigmund is severely wounded.
Sigmund gestures at you while chanting. The puff of flame hits you.
You die...

.... #.# #..# #.#
#.#..####.######
#.#.>..........#
#.##.#.##.####.##
#.##.#.##.# #..#
#.#.<...#.# ##.##
#@##.####+# #..#
#.@........ ##.#
####.##.....####.##
#... ...........
#..## ########.#
#... ..........
##.## ######.#.. .#
#....#.#..
#......#..
##..<.##..


You could see Sigmund.

Vanquished Creatures
  4 adders (D:2)
  A gnoll (D:1)
  An ooze (D:1)
  A worm (D:2)
  4 dart slugs
  3 giant cockroaches (D:1)
  4 goblins
  7 hobgoblins
  3 jackals (D:1)
  9 kobolds
  5 bats (D:1)
  3 frilled lizards
  7 rats
52 creatures vanquished.

Notes
Turn   | Place    | Note
-------+----------+-------------------------------------------
     0 | D:1      | night the Demonspawn Gladiator began the quest for the Orb.
     0 | D:1      | Reached XP level 1. HP: 16/16 MP: 1/1
   156 | D:1      | Gained mutation: You are slightly more attuned to the
                  | shadows. [demonic ancestry]
   156 | D:1      | Reached XP level 2. HP: 2/22 MP: 2/2
   447 | D:1      | Reached skill level 3 in Unarmed Combat
   592 | D:1      | Reached XP level 3. HP: 27/27 MP: 3/3
  1403 | D:1      | Reached skill level 4 in Unarmed Combat
  1547 | D:2      | Reached XP level 4. HP: 25/33 MP: 4/4
  2100 | D:2      | Noticed Sigmund
  2120 | D:2      | Killed from afar by Sigmund

Skill      XL: |  1  2  3 |
---------------+----------+-----
Dodging        | 3 |  3.0
Unarmed Combat | 3 4 |  4.6
Fighting       | |  2.1
Throwing       | |  1.8
Armour         | |  0.1

Action                   |  1- 3 |  4- 6 || total
-------------------------+-------+-------++-------
Melee: Unarmed           |   184 |    52 ||   236
       Punch             |     4 |     1 ||     5
Throw: Throwing net      |     2 |     1 ||     3
  Use: Potion            |     1 |     1 ||     2
 Stab: Sleeping          |     5 |       ||     5
       Distracted        |     1 |       ||     1
       Held in net/web   |       |     1 ||     1
  Eat: Chunk             |     2 |     1 ||     3
Armor: Leather armour    |    44 |    11 ||    55
Dodge: Dodged            |   107 |    20 ||   127
